[Event "Krakow Championship-A 2022"]
[Site "Krakow"]
[Date "2022.06.30"]
[Round "7.12"]
[White "Turski, Bartlomiej"]
[Black "Liu, Casper"]
[Result "1-0"]
[ECO "B15"]
[WhiteElo "2192"]
[BlackElo "2218"]
[Annotator "NA RC"]
[PlyCount "53"]
[EventDate "2022.06.25"]
[EventType "swiss"]
[EventCountry "POL"]
[SourceTitle "playchess.com"]
[Source "ChessBase"]
[SourceQuality "1"]
[TimeControl "40/5400+30:1800+30"]

1. e4 c6 2. d4 d5 3. Nc3 dxe4 4. Nxe4 Nf6 5. Nxf6+ exf6 6. c3 Bd6 7. Bd3 O-O 8. Qc2 Re8+ 9. Ne2 h5 10. O-O h4 11. Nf4 Bc7 12. Qd1 g6 13. Nxg6 fxg6 14. Bxg6 Re7 15. f4 Qd6 16. Qh5 h3 17. Rf3 Rg7 18. Rg3 Qd5 19. Qh6 Kf8 20. Bd2 Bd7 21. Re1 Bd6 22. Bf5 Qf7 23. Qh8+ Qg8 24. Qh6 Qf7 25. Be6 Bxe6 26. Rxe6 Nd7 27. Rxd6 1-0

[Event "Krakow Championship-A 2022"]
[Site "Krakow"]
[Date "2022.06.30"]
[Round "7.13"]
[White "Pniaczek, Marek"]
[Black "Stevik, Patrik jun."]
[Result "1/2-1/2"]
[ECO "B06"]
[WhiteElo "2298"]
[BlackElo "2188"]
[Annotator "TA"]
[PlyCount "93"]
[EventDate "2022.06.25"]
[EventType "swiss"]
[EventCountry "POL"]
[SourceTitle "playchess.com"]
[Source "ChessBase"]
[SourceQuality "1"]
[TimeControl "40/5400+30:1800+30"]

1. e4 g6 2. d4 Bg7 3. Nc3 d6 4. Be3 a6 5. Qd2 b5 6. O-O-O Bb7 {[%emt 0:00:29] B06: Modern Defence.} 7. f3 Nd7 8. h4 h5 {[%emt 0:01:23] White is slightly better.} 9. Nh3 Rc8 10. Ng5 c5 11. e5 {[%emt 0:00:03] White is more active.} dxe5 12. dxe5 {[%emt 0:13:34] [#]} Nxe5 $146 (12... Bxe5 $16 13. Nxf7 Kxf7 14. Qxd7 Qxd7 15. Rxd7 Bc6) ({Predecessor:} 12... Bxe5 13. Nxf7 Kxf7 14. Qxd7 Qc7 15. a4 Bd4 16. Rxd4 cxd4 17. Qxc7 Rxc7 18. Bxd4 Nf6 19. axb5 axb5 20. Nxb5 {0-1 (39) Ojas,K (2206)-Chatalbashev,B (2517) La Roda 2021}) 13. Qxd8+ $18 Rxd8 14. Rxd8+ (14. Bxc5 Rxd1+ 15. Nxd1 Nd7 $11) 14... Kxd8 15. f4 {[%emt 0:09:47][%mdl 64] Deflection} (15. Bxc5 $6 Nh6 $14) 15... Ng4 16. Nxf7+ Ke8 17. Nxh8 Nxe3 18. Nxg6 Nf6 19. Bd3 b4 (19... Nxg2 $16 20. b3 Bh6) 20. Nd1 ({Don't do} 20. Re1 $6 bxc3 21. Rxe3 cxb2+ 22. Kb1 (22. Kxb2 Nd5+ 23. Re5 Nxf4 $11) 22... Nd5 $18) ({Better is} 20. Na4 $18) 20... Nxg2 $16 21. Rg1 Bh6 {[%emt 0:01:09] [#]} 22. Bxa6 $1 Nxf4 23. Bb5+ ({Reject} 23. Bxb7 $6 Ne2+ 24. Kb1 Nxg1 $11) 23... Kd8 {[%emt 0:04:58] ...Ne2+ is the strong threat.} 24. Nxf4 Bxf4+ 25. Kb1 Ne4 26. a4 bxa3 27. bxa3 Nd2+ 28. Kb2 Nf3 29. Rg8+ Kc7 30. Be8 Nxh4 31. Bxh5 Nf5 32. Nf2 c4 (32... Bd5 $16 33. Rg6 Be3) 33. Rf8 $18 Be5+ 34. c3 Nd6 35. Be2 Bd5 {[%emt 0:00:43] [#]} 36. Nd1 $1 Bg7 37. Rf4 Be5 38. Rh4 {[%emt 0:01:15] And now Rh5 would win.} Bf6 39. Rg4 Be6 40. Rg1 Ne4 41. Bf3 Nc5 42. Bg4 {[%emt 0:02:03] Hoping for Bxe6.} Bd5 43. Bf5 (43. Be2 $16) 43... Na4+ $1 $14 44. Kc2 Bf3 $1 45. Nb2 ({White should play} 45. Rg8 $16) 45... Nxc3 $11 46. Nxc4 Ne2 47. Rd1 {[%emt 0:00:00] Weighted Error Value: White=0.17 (very precise) /Black=0.12 (very precise)} 1/2-1/2

[Event "Krakow Championship-A 2022"]
[Site "Krakow"]
[Date "2022.06.30"]
[Round "7.14"]
[White "Balaji Sekar"]
[Black "Lim, Zhuo Ren"]
[Result "1-0"]
[ECO "B31"]
[WhiteElo "1189"]
[BlackElo "2290"]
[Annotator "NA RC"]
[PlyCount "87"]
[EventDate "2022.06.25"]
[EventType "swiss"]
[EventCountry "POL"]
[SourceTitle "playchess.com"]
[Source "ChessBase"]
[SourceQuality "1"]
[TimeControl "40/5400+30:1800+30"]

1. e4 c5 2. Nf3 Nc6 3. Bb5 g6 4. O-O Bg7 5. Re1 Nf6 6. c3 O-O 7. h3 e5 8. d3 d6 9. a3 a6 10. Ba4 b5 11. Bc2 Bb7 12. Be3 Re8 13. a4 b4 14. Nbd2 Na5 15. Nb3 c4 16. Nxa5 Qxa5 17. cxb4 Qxb4 18. Bd2 Qc5 19. dxc4 a5 20. b3 Qc7 21. Bc1 Rac8 22. Ra2 Nd7 23. Nd2 Nc5 24. Nb1 f5 25. exf5 e4 26. fxg6 Re6 27. gxh7+ Kh8 28. Be3 Nd3 29. Bxd3 exd3 30. Qxd3 Be4 31. Qd1 Rce8 32. Nd2 Ba8 33. Nf3 Qb7 34. Rd2 Qb4 35. Ng5 Rg6 36. Nf7+ Kxh7 37. Qh5+ Bh6 38. Nxh6 Rxg2+ 39. Kf1 Re5 40. Nf5+ Kg8 41. Nh6+ Kh7 42. Qh4 Re6 43. Ng4+ Kg8 44. Qd8+ 1-0

[Event "Krakow Championship-A 2022"]
[Site "Krakow"]
[Date "2022.06.30"]
[Round "7.15"]
[White "Mikrut, Dariusz"]
[Black "Goroshkov, Maksym"]
[Result "1-0"]
[ECO "E81"]
[WhiteElo "2361"]
[BlackElo "2226"]
[Annotator "TA"]
[PlyCount "91"]
[EventDate "2022.06.25"]
[EventType "swiss"]
[EventCountry "POL"]
[SourceTitle "playchess.com"]
[Source "ChessBase"]
[SourceQuality "1"]
[TimeControl "40/5400+30:1800+30"]

1. d4 Nf6 2. c4 g6 3. Nc3 Bg7 4. e4 d6 5. f3 O-O 6. Be3 c6 7. Qd2 e5 8. Nge2 exd4 {[%emt 0:00:25] 8...Qc7 is setting a new trend.} 9. Nxd4 Re8 (9... d5 $1 $11) 10. O-O-O $16 {[%emt 0:00:09] E86: King's Indian: Sämisch: 6...e5 7 Nge2 c6.} d5 11. Nb3 {[%emt 0:04:17][%cal Rc4d5] [#]} b5 $146 ({Black should play} 11... a5 $14) ({Predecessor:} 11... a5 12. Na4 Nbd7 13. cxd5 cxd5 14. Bb5 dxe4 15. Kb1 Qe7 16. Rhe1 Qe5 17. Bxd7 Bxd7 {0-1 (34) Stanojevic,I (2147)-Ristic,N (2306) Nis 2017}) 12. cxb5 {[%emt 0:16:21] White is better.} Be6 (12... a6 $16) 13. Kb1 $18 a6 14. exd5 Nxd5 15. Nxd5 Bf5+ 16. Ka1 (16. Bd3 $16 Bxd3+ 17. Qxd3 cxd5 18. b6) 16... Qxd5 $14 17. Qxd5 (17. b6 $2 {[#]} Rxe3 $1 18. g4 Qxd2 19. Nxd2 Bc2 $19) 17... cxd5 18. Bf2 {[%emt 0:06:15] Threatens to win with b6.} (18. Bd2 $5 ) 18... Bc2 (18... axb5 $1 $11 {keeps the balance.} 19. Bxb5 Na6 20. Bxe8 (20. Rxd5 $2 Nb4 $19) 20... Nb4) 19. Rc1 $16 (19. Rxd5 $6 axb5 20. Nd4 (20. Rxb5 Nc6 $15) 20... Bxd4 21. Rxd4 Nc6 $15) 19... Bxb3 20. axb3 axb5+ 21. Kb1 Na6 22. Bxb5 Reb8 23. Ba4 {[%emt 0:01:43] White is more active.} Nb4 24. Rhd1 {[%emt 0:00:14] Prevents Nd3.} Rxa4 $4 {[%emt 0:01:39][%mdl 8192] Loses the game.} 25. bxa4 $18 Nd3 {[%emt 0:00:01] [#]} 26. Rc8+ $3 Rxc8 27. Rxd3 {[%emt 0:04:02][%mdl 4096] Endgame KRB-KRB} d4 28. b3 ({Weaker is} 28. Bxd4 Rd8 $16) 28... f5 29. Kb2 Rd8 (29... Kf7 {might work better.} 30. Bxd4 Rd8) 30. b4 Kf7 31. Kb3 Ke6 32. b5 Kd5 33. Bg3 Re8 34. a5 Bf8 (34... h5 $142 35. a6 Kc5) 35. b6 {[%emt 0:02:39] White is clearly winning.} Bc5 36. b7 Ba7 {[%emt 0:00:01] Prevents b8Q.} 37. Ka4 {[%emt 0:00:16] Kb5 is the strong threat.} Kc4 (37... Kc6 $142 38. Rb3 d3) 38. Rd1 {[%emt 0:00:32] Hoping for Rc1+.} Re2 39. Rc1+ Kd3 40. Kb5 Re6 41. Rd1+ Kc3 42. b8=Q Bxb8 43. Bxb8 Re2 44. Kc5 d3 45. Bf4 Rxg2 46. Rc1+ {[%emt 0:00:00] Weighted Error Value: White=0.28 (precise) /Black=0.55} 1-0

[Event "Krakow Championship-A 2022"]
[Site "Krakow"]
[Date "2022.06.30"]
[Round "7.16"]
[White "Lye, Lik Zang"]
[Black "Szustakowski, Antoni"]
[Result "0-1"]
[WhiteElo "2358"]
[BlackElo "2265"]
[Annotator "TA"]
[PlyCount "89"]
[EventDate "2022.06.25"]
[EventType "swiss"]
[EventCountry "POL"]
[SourceTitle "playchess.com"]
[Source "ChessBase"]
[SourceQuality "1"]
[TimeControl "40/5400+30:1800+30"]

1. d4 Nf6 2. Nf3 b6 3. g3 Bb7 4. Bg2 c5 5. c3 e6 6. O-O Be7 7. Bg5 O-O 8. Nbd2 d5 9. Ne5 {[%emt 0:13:11] A47: 1 d4 Nf6 2 Nf3 b6: Torre, London and Colle Systems.} Nc6 10. Ndf3 Rc8 11. Nxc6 {[%emt 0:02:37] The position is equal.} Bxc6 12. Ne5 Bb7 {[%emt 0:02:13][%cal Bc6b7,Bb7a6,Ba6e2][%mdl 32] [#]} 13. a4 $146 ({Predecessor:} 13. Qd2 Ne4 14. Bxe4 Bxg5 15. f4 Bxf4 16. Bxh7+ Kxh7 17. Qxf4 Qe7 18. e3 Kg8 19. Rf2 {1-0 (63) Piesik,P (2396)-Vokhidov,S (2529) Chess.com INT 2020}) 13... h6 14. Bf4 Ne4 15. Qb3 cxd4 16. cxd4 Ba6 17. Rfe1 Bd6 18. Rac1 Rxc1 (18... Qe7 {feels hotter.} 19. Be3 Bxe5 20. dxe5 Bc4) 19. Rxc1 Bxe5 20. Bxe5 Bxe2 21. Qe3 Ba6 (21... Qg5 $2 22. Bf4 Qh5 23. f3 $18) 22. Bxe4 dxe4 23. Qxe4 Qg5 24. f4 {[%emt 0:05:22] [#]} (24. Rc7 $11) 24... Qh5 (24... Qe7 $142 $1 {Threatens to win with ...f6.} 25. Rc7 Qb4 26. Rxa7 Qc4) 25. Kg2 $17 Rd8 (25... f6 $5 26. Bd6 Rd8 $17) 26. h3 {[%emt 0:01:13] [#]} Rd7 (26... f6 $1 $17 27. Bc7 Qd5 28. Qxd5 Rxd5) 27. g4 Qh4 {[%emt 0:00:06] And now ...Bb7 would win.} 28. Rc7 {[%emt 0:00:36] Inhibits Bb7.} ({White should try} 28. Qa8+ $15 Rd8 29. Qe4 (29. Qxa7 Bd3 $17)) 28... Qd8 ({Better is} 28... Rxc7 $17 29. Bxc7 Bc4 30. Qa8+ Kh7 31. Qe4+ Kg8 32. Qa8+ Kh7 33. Qe4+ Kg8) 29. Qc6 {[%emt 0:00:30] Against Bb7. White does not recover from this.} (29. Rxd7 $15 Qxd7 30. Qa8+ Kh7 31. Qe4+ g6 32. Kg3) 29... Rxc7 $19 30. Qxc7 {[%emt 0:00:31][%mdl 4096] Endgame KQB-KQB} (30. Bxc7 {is the only way for White.} Qxd4 31. Kg3) 30... Qd5+ 31. Kf2 (31. Kg3 $142 Qe4 32. Qc3) 31... f6 (31... Qh1 $142 32. f5 exf5 33. gxf5 Qf1+ 34. Kg3 Qe1+ 35. Kf4 Qf1+ 36. Kg3 Qe1+ 37. Kf4 Qf2+ 38. Ke4 Qg2+ 39. Ke3 Qe2+ 40. Kf4 Qf2+ 41. Ke4 Qg2+ 42. Ke3 Qe2+ 43. Kf4 Qf2+) 32. Qxa7 Bb7 ({Not} 32... fxe5 33. Qxa6 Qxd4+ 34. Kf3 $17) 33. Qxb6 $2 (33. Bxf6 gxf6 34. Qxb6) 33... fxe5 (33... Qf3+ $142 34. Ke1 Qe3+ 35. Kf1 Qd3+ 36. Ke1 Bd5 37. Qb8+ Kh7) 34. dxe5 Qd2+ 35. Kg3 Bd5 {[%emt 0:00:20] ( -> ...Qg2+)} 36. Qf2 {[%emt 0:00:39] Against Qg2+} Qb4 37. f5 $2 (37. a5 Qxa5 38. Kh4) 37... Qxa4 38. Kh4 Qe4 {[%emt 0:00:30] Black mates.} 39. fxe6 Bxe6 40. Kg3 Qxe5+ 41. Kg2 Bd5+ 42. Kg1 Qe4 43. Kh2 Qf3 44. Qxf3 Bxf3 45. Kg3 {[%emt 0:00:00] Weighted Error Value: White=0.84/Black=0.43} 0-1

[Event "Krakow Championship-A 2022"]
[Site "Krakow"]
[Date "2022.06.30"]
[Round "7.17"]
[White "Turcan, Richard"]
[Black "Sieber, Fiona"]
[Result "1/2-1/2"]
[ECO "B90"]
[WhiteElo "2278"]
[BlackElo "2264"]
[Annotator "TA"]
[PlyCount "90"]
[EventDate "2022.06.25"]
[EventType "swiss"]
[EventCountry "POL"]
[SourceTitle "playchess.com"]
[Source "ChessBase"]
[SourceQuality "1"]
[TimeControl "40/5400+30:1800+30"]

1. e4 c5 2. Nf3 d6 3. d4 cxd4 4. Nxd4 Nf6 5. Nc3 a6 6. h3 e6 7. g4 Be7 {[%emt 0:00:04] B81: Sicilian Scheveningen: Keres Attack.} 8. g5 Nfd7 9. Be3 b5 {[%emt 0:00:15] White is slightly better.} (9... Bxg5 10. Nxe6 $1 fxe6 11. Qh5+ g6 12. Qxg5 $16) 10. a3 Bb7 11. Qd2 Nc6 12. O-O-O (12. h4 $14) 12... Nc5 $11 13. h4 O-O (13... b4 $1 $11 14. Nxc6 Bxc6 15. axb4 Nxe4 16. Nxe4 Bxe4) 14. Nxc6 (14. f3 $14) 14... Bxc6 15. f3 $1 Qb8 {[%emt 0:06:48] [#] Threatening ...a5.} 16. g6 $146 (16. h5 $11) ({Predecessor:} 16. h5 a5 17. Nb1 b4 18. g6 bxa3 19. Nxa3 Na4 20. Bd4 h6 21. Rg1 e5 22. Bc3 {0-1 (33) Hansen,M (2452)-Sethuraman,S (2647) Hastings 2017}) 16... b4 $15 (16... hxg6 17. b4 $11) 17. axb4 Qxb4 {[%emt 0:00:08] Threatens to win with ...Rab8.} 18. Qd4 a5 19. gxh7+ Kxh7 20. Bg5 (20. Rg1 $17 {is a better defense.} Bf6 21. Qxb4 (21. Qxd6 $2 Bxc3 22. bxc3 Qa3+ 23. Kd2 Nxe4+ 24. fxe4 Qxd6+ $19) 21... axb4 22. Nb1) 20... f6 $19 21. Be3 Rfb8 $36 {[%emt 0:02:41][%mdl 2048] Inhibits Nb5. Black is on the roll.} 22. Qxb4 axb4 23. Nb1 (23. Ne2 $142) 23... d5 24. exd5 Bxd5 ({Weaker is} 24... exd5 25. Bf4 Rd8 26. Bh3) 25. Rh3 Rc8 26. Kd2 Ra2 27. Bd4 e5 28. Bxc5 Bxc5 ({Not} 28... Rxc5 $2 29. Bd3+ Kg8 30. Kc1 $19) 29. Bd3+ Kg8 {[%emt 0:01:15] Hoping for ...Be6.} 30. Ke2 $2 (30. Bf5 Rd8 31. Ke1) 30... Rxb2 31. Nd2 Bd4 (31... b3 $142 32. Rhh1 bxc2) 32. Rhh1 (32. Rb1 $142) 32... Kf7 $2 (32... b3 $19 {is more deadly.} 33. cxb3 Rc3) 33. Rb1 $17 Rh8 ({Better is} 33... Rxb1 $17 34. Rxb1 Rb8) 34. Rxb2 $15 Bxb2 {[%emt 0:00:02] This bishop pair is nice.} 35. Ne4 $2 {[%emt 0:00:54] [#]} (35. Nc4 $1 $15 Bc3 36. Nd6+ Ke7 37. Nf5+ Kf8 38. Nd6) 35... Bd4 $2 ({Black should try} 35... g6 $1 $19 {And now ...Bd4 would win.} 36. Ng3 Be6) 36. Nd6+ $1 Kf8 ({But not} 36... Ke6 $6 37. Nf5 $17) 37. Nf5 (37. h5 $15) 37... Bc5 $17 38. Ra1 {[%emt 0:00:38] Black must now prevent Ra5.} Kf7 (38... g6 $17 39. Ne3 Bf7) 39. Ra5 $15 Rc8 40. Ba6 Rc7 41. Bd3 Be6 42. h5 Bf8 43. Ne3 {[%emt 0:03:51] Inhibits Bc4.} Bc5 44. Nf5 Bf8 45. Ne3 $1 {[%emt 0:00:25] Against Bc4} Bc5 {[%emt 0:04:18] White happily takes the draw.  Weighted Error Value: White=0.30/Black=0.32} 1/2-1/2

[Event "Krakow Championship-A 2022"]
[Site "Krakow"]
[Date "2022.06.30"]
[Round "7.18"]
[White "Kvaloy, Aksel Bu"]
[Black "Trybus, Daniel"]
[Result "0-1"]
[ECO "A43"]
[WhiteElo "2296"]
[BlackElo "2145"]
[Annotator "NA RC"]
[PlyCount "106"]
[EventDate "2022.06.25"]
[EventType "swiss"]
[EventCountry "POL"]
[SourceTitle "playchess.com"]
[Source "ChessBase"]
[SourceQuality "1"]
[TimeControl "40/5400+30:1800+30"]

1. d4 c5 2. dxc5 e6 3. Nc3 Nf6 4. e4 Nc6 5. Be3 Qa5 6. f3 Bxc5 7. Bxc5 Qxc5 8. Qd2 O-O 9. O-O-O Rd8 10. Nge2 d5 11. exd5 Nb4 12. Nf4 Nbxd5 13. Nfxd5 Nxd5 14. Qg5 f6 15. Qd2 b6 16. Nxd5 Rxd5 17. Bd3 Bb7 18. Kb1 Rad8 19. Qe1 Qd6 20. Qh4 f5 21. Rde1 Ba6 22. Qa4 Bxd3 23. cxd3 a5 24. Qb3 Kf7 25. Re3 Rxd3 26. Rxd3 Qxd3+ 27. Qxd3 Rxd3 28. Kc2 Rd6 29. Re1 Kf6 30. a4 g5 31. h3 h5 32. b3 e5 33. Kc3 Rd4 34. Re2 Ke6 35. Re1 Kd5 36. Rf1 Kc5 37. Re1 e4 38. fxe4 Rxe4 39. Rc1 Kd5 40. Rd1+ Ke5 41. Rd2 g4 42. hxg4 hxg4 43. Rf2 f4 44. Kd3 Re3+ 45. Kc4 f3 46. gxf3 gxf3 47. Rh2 Re4+ 48. Kd3 Rb4 49. Kc3 Kf4 50. Rh8 f2 51. Rf8+ Ke3 52. Re8+ Kf3 53. Rf8+ Rf4 0-1

[Event "Krakow Championship-A 2022"]
[Site "Krakow"]
[Date "2022.06.30"]
[Round "7.19"]
[White "Shehzad, Shazil"]
[Black "Kyc, Jerzy"]
[Result "1-0"]
[ECO "B52"]
[WhiteElo "2237"]
[BlackElo "2213"]
[Annotator "TA"]
[PlyCount "111"]
[EventDate "2022.06.25"]
[EventType "swiss"]
[EventCountry "POL"]
[SourceTitle "playchess.com"]
[Source "ChessBase"]
[SourceQuality "1"]
[TimeControl "40/5400+30:1800+30"]

1. e4 c5 2. Nf3 d6 3. Bb5+ Bd7 4. Bxd7+ Qxd7 5. c4 e5 6. Nc3 Nc6 7. a3 {[%emt 0:00:16] B52: Sicilian: Moscow Variation with 3...Bd7.} Nge7 8. O-O g6 9. b4 {[%emt 0:00:06] The position is equal.} b6 (9... cxb4 10. axb4 Bg7 11. b5 $14) 10. Nd5 {[%emt 0:03:16] [#]} Bg7 $146 {[%emt 0:00:32] Inhibits Nf6+.} ({Predecessor:} 10... Nxd5 11. exd5 Ne7 12. d4 f6 13. dxe5 dxe5 14. bxc5 bxc5 15. Nd2 Nf5 16. Ne4 Kf7 {1-0 (23) De Silva,L (2131)-Gunathilake,M (1415) Nugegoda 2021}) 11. b5 Nd4 12. Nxd4 Nxd5 13. Ne2 Nc7 14. Nc3 O-O 15. d3 f5 16. a4 a5 17. bxa6 Rxa6 18. Bd2 f4 19. f3 g5 20. Rb1 h5 21. Be1 g4 22. Rf2 gxf3 23. Qxf3 Qf7 24. Nb5 (24. Ra2 $16) 24... Rxa4 $2 (24... Nxb5 $11 {and Black stays safe.} 25. Rxb5 Rfa8) 25. Nxd6 $18 Qd7 26. Nf5 (26. Rxb6 $2 Na8 27. Rb1 (27. Rb7 $2 Qxd6 28. Qd1 Ra3 $19) 27... Qxd6 $17) 26... Rf6 27. Bc3 Ra3 28. Rc1 (28. Bxe5 Rxf5 29. Bxg7 (29. exf5 Bxe5 30. Rd2 Qxf5 $17) 29... Rxd3 $11) (28. Bb2 $18 Rxd3 29. Qxh5) 28... Qe8 $2 {[%emt 0:01:11][%mdl 8192] Black cannot hold the game after this.} (28... Rxf5 $11 29. exf5 e4 30. Qxh5 (30. dxe4 Bxc3 31. Kf1 Qd4 $11) 30... Rxc3 31. Rxc3 Bxc3 32. Qg5+ (32. Rxf4 Qd4+ 33. Kh1 Qxd3 $11) (32. dxe4 Bd4 $11) 32... Kf8 33. Qxf4 (33. dxe4 $2 {is a self mate.} Qd1+ 34. Rf1 Bd4+ 35. Kh1 Qxf1#) 33... exd3) 29. Qe2 Rg6 30. Qb2 ({Inferior is} 30. Qxh5 Rxc3 31. Rxc3 {[#]} Rxg2+ $1 32. Rxg2 Qxh5 $11) 30... Rxc3 (30... Ra7 $142 31. Nxg7 Rxg7 32. Bxe5 Rf7 33. Qxb6 Ne6) 31. Rxc3 Bf8 32. Rb3 {[%emt 0:01:00] Against b5} b5 33. cxb5 {[%emt 0:03:09] Strongly threatening b6.} c4 34. dxc4 Bc5 35. Kf1 Na8 36. Rd2 Nb6 {[%emt 0:00:10] Inhibits Rd5.} 37. Qc3 Qe6 38. Rd8+ Kf7 39. Qd3 f3 40. Qxf3 {[%emt 0:02:48] White wants to mate with Nd6+.} Qxc4+ 41. Rbd3 Qc1+ 42. Rd1 {[%emt 0:00:00] Nd6+ would kill now.} Qc4+ 43. Qd3 {[%emt 0:00:00] Hoping for Qxc4+.} Qa2 44. Qe2 {[%emt 0:00:00] Against Qf2+} Qxe2+ 45. Kxe2 Rxg2+ 46. Kf3 Rb2 47. Rb8 Rb3+ 48. Kg2 Rb4 (48... Rxb5 $142 49. Rc1 Ra5 50. Rxc5 Rxc5 51. Rxb6 Kg8) 49. Rb7+ Kf6 {[%emt 0:00:33] [#]} 50. Rxb6+ $1 Bxb6 {[%emt 0:00:01][%mdl 4096] Endgame KRB-KRN} 51. Rd6+ Kg5 52. Rxb6 Rxe4 53. Nd6 Re2+ 54. Kf3 {[%emt 0:00:00] White threatens Ne4+ and mate.} Rxh2 55. Rb8 Rh3+ 56. Ke4 {[%emt 0:00:00] Weighted Error Value: White=0.26 (precise) /Black=0.49} 1-0

[Event "Krakow Championship-A 2022"]
[Site "Krakow"]
[Date "2022.06.30"]
[Round "7.20"]
[White "Michalicka, Milan"]
[Black "Gjestemoen-VonHirsch, Andre"]
[Result "1/2-1/2"]
[ECO "D85"]
[WhiteElo "2222"]
[BlackElo "2236"]
[Annotator "TA"]
[PlyCount "127"]
[EventDate "2022.06.25"]
[EventType "swiss"]
[EventCountry "POL"]
[SourceTitle "playchess.com"]
[Source "ChessBase"]
[SourceQuality "1"]
[TimeControl "40/5400+30:1800+30"]

1. d4 Nf6 2. c4 g6 3. Nc3 d5 4. cxd5 Nxd5 5. e4 Nxc3 6. bxc3 Bg7 7. Nf3 c5 8. Be3 Qa5 9. Qd2 O-O 10. Rc1 Bg4 11. d5 $1 {[%emt 0:03:30] 11.d5 scores better than 11.Be2.} b5 {[%emt 0:01:28] D85: Exchange Grünfeld: Unusual White 7th moves and lines with 7 Nf3.} 12. Be2 Nd7 13. c4 b4 {[%emt 0:00:26] White has an edge.} 14. O-O Rfe8 {[%emt 0:01:53] [#]} 15. Rc2 $146 ({Predecessor:} 15. h3 Bxf3 16. Bxf3 Bc3 {½-½ (16) Sutkus,V (2447)-Biedermann,T (2450) ICCF email 2018}) 15... e6 16. dxe6 (16. h3 $11 Bc3 17. Qc1 Bxf3 18. Bxf3) 16... Bxe6 $17 17. Ng5 Nf8 18. Qd6 Rac8 19. Qg3 Qa4 20. Bd1 h6 21. Nf3 (21. Nxe6 $15 Nxe6 22. Rd2) 21... Red8 22. Nd2 (22. Rd2 Qa6 23. Bb3 Bxc4 $19) 22... f5 $2 (22... a5 $17) 23. Nb3 $14 Qd7 {[%emt 0:06:53] Hoping for ...Qxd1.} 24. Be2 Qe7 $1 25. e5 (25. Bf3 $11) 25... Bf7 (25... g5 $1 $15 26. f4 Ng6) 26. f4 $11 Ne6 27. Qf2 Qc7 28. Bf3 Bf8 29. Bd5 a5 $1 30. Rd2 Kh7 (30... a4 $5 ) 31. Rfd1 a4 32. Nc1 Nd4 33. Bxd4 Bxd5 (33... cxd4 $11 34. e6 (34. Rxd4 $2 Bxd5 35. cxd5 Qxc1 $17) (34. Qxd4 $2 Bc5 $19) 34... Be8) 34. cxd5 $16 cxd4 35. d6 $2 ({Avoid the trap} 35. Qxd4 $2 Bc5 36. Kf1 Bxd4 $19) (35. Qf3 $16 {is necessary to keep the advantage.}) 35... Qxc1 $1 $17 36. Qxd4 Qc6 (36... Qc4 $17 {And now ...Qb5 would win.} 37. Rb1 Qxd4+ 38. Rxd4 Rc2) 37. Qxb4 $11 Rb8 38. Qa5 Rd7 {[%emt 0:00:30] Against Qc7} 39. Rd4 Rb2 40. R4d2 Rxd2 41. Qxd2 a3 42. h3 Qc4 43. Kh1 h5 44. Rc1 Qb5 45. h4 Kh6 46. Qc3 {[%emt 0:00:00] Strongly threatening Qc8.} Qb2 47. Rc2 Qxc3 (47... Rb7 $11) 48. Rxc3 $16 Bxd6 (48... Rd8 {was worth a try.} 49. Rxa3 Bxd6 50. exd6 Rxd6) 49. exd6 $2 (49. Rd3 $18) 49... Rxd6 50. Rxa3 $11 {[%emt 0:00:00][%mdl 4096] Endgame KR-KR} Kg7 51. Kg1 Rd2 {[#]} (51... Kf7 $14) 52. g3 (52. Ra7+ $1 $18 Kf6 53. Ra6+ Kg7 54. a4) 52... Kf7 {[%emt 0:00:33] [#]} 53. Kf1 ({Better is} 53. Ra6 $1 $16) 53... Ke6 {The position is equal.} 54. Ra6+ Kd5 $1 55. Ke1 Rg2 56. Ra3 Ke4 57. Kd1 Rg1+ 58. Ke2 Rg2+ 59. Kf1 Rb2 60. Kg1 Rb1+ 61. Kg2 Rb2+ 62. Kf1 Rb1+ 63. Ke2 Rb2+ 64. Kf1 {Weighted Error Value: White=0.28 (precise) /Black=0.24 (precise)} 1/2-1/2

[Event "Krakow Championship-A 2022"]
[Site "Krakow"]
[Date "2022.06.30"]
[Round "7.21"]
[White "Kantorik, Marian"]
[Black "Easwaralingam, Adesh"]
[Result "1-0"]
[ECO "E46"]
[WhiteElo "2211"]
[BlackElo "2116"]
[Annotator "RC"]
[PlyCount "175"]
[EventDate "2022.06.25"]
[EventType "swiss"]
[EventCountry "POL"]
[SourceTitle "playchess.com"]
[Source "ChessBase"]
[SourceQuality "1"]
[TimeControl "40/5400+30:1800+30"]

1. d4 Nf6 2. c4 e6 3. Nc3 Bb4 4. e3 O-O 5. Nge2 c6 6. a3 Ba5 7. b4 Bc7 8. e4 d5 9. e5 Nfd7 10. c5 b6 11. g3 a5 12. Be3 axb4 13. axb4 Rxa1 14. Qxa1 bxc5 15. bxc5 Ba5 16. Bd2 Ba6 17. Nf4 Bxf1 18. Kxf1 Bxc3 19. Bxc3 Qc8 20. Kg2 Na6 21. Ba5 Qa8 22. Rb1 Rb8 23. Bb6 Qb7 24. Ne2 Ra8 25. Qb2 Nab8 26. Nc3 Ra6 27. Bd8 Qxb2 28. Rxb2 Kf8 29. Bc7 Ra8 30. Bxb8 Rxb8 31. Ra2 Rb4 32. Ne2 Rb7 33. Ra8+ Ke7 34. f4 h5 35. Kf2 g6 36. Ke3 Nb8 37. Kd3 Kd7 38. Kc2 Kc7 39. Ng1 Kc8 40. Nf3 Re7 41. Nd2 Rb7 42. Nf3 Re7 43. Ra4 Kb7 44. Rb4+ Kc8 45. Ng5 Kc7 46. Rb6 Nd7 47. Ra6 Kb7 48. Ra3 Nb8 49. h3 Nd7 50. Nf3 Re8 51. Kd2 Kb8 52. Ke2 Kb7 53. Kf2 Rh8 54. Ng5 Rf8 55. g4 h4 56. Nf3 Rh8 57. Ke3 Kb8 58. Ne1 Kb7 59. Nd3 Nb8 60. Nb4 Re8 61. Kf3 Rh8 62. g5 Re8 63. Kg4 Rh8 64. Ra2 Rh7 65. Nd3 Rh8 66. Ne1 Na6 67. Rb2+ Kc7 68. Nf3 Nb8 69. Ra2 Kb7 70. Nxh4 Nd7 71. Nf3 Kb8 72. h4 Kb7 73. Ra1 Nb8 74. Nd2 Na6 75. Nb3 Ra8 76. h5 gxh5+ 77. Kxh5 Rh8+ 78. Kg4 Nb4 79. Na5+ Kc7 80. Rb1 Rb8 81. f5 Kd7 82. f6 Rb5 83. g6 fxg6 84. Kg5 Rxa5 85. Rxb4 Ra2 86. Kxg6 Rg2+ 87. Kf7 Rg4 88. Ra4 1-0